 Dungeon Crawl Stone Soup version 0.25.1-9-gc5326a611f (webtiles) character file.

Game seed: 15682031710170413330

466 tkbsonic5 the Cutter (level 7, -1/55 HPs)
             Began as a Human Gladiator on Nov 27, 2021.
             Was an Initiate of Qazlal.
             Splashed by an acid dragon's acid (5 damage)
             ... on level 6 of the Dungeon.
             The game lasted 00:21:00 (4121 turns).

tkbsonic5 the Cutter (Human Gladiator)              Turns: 4121, Time: 00:21:01

Health: -1/55      AC:  7    Str: 16      XL:     7   Next: 30%
Magic:  7/7        EV:  6    Int:  8      God:    Qazlal [......]
Gold:   235        SH:  5    Dex: 14 (15) Spells: 6/6 levels left

rFire    + . .     SeeInvis .   a - +0 rapier
rCold    + + .     Gourm    .   (no shield)
rNeg     . . .     Faith    .   t - +0 plate armour
rPois    +         Spirit   .   c - +0 helmet
rElec    +         Reflect  +   (no cloak)
rCorr    +         Harm     .   (no gloves)
MR       .....                  (no boots)
Stlth    ..........             w - amulet of reflection
HPRegen  0.18/turn              d - ring of protection from cold
MPRegen  0.10/turn              (no ring)

@: resistant, corroded
A: no striking features
a: Renounce Religion


You were on level 6 of the Dungeon.
You worshipped Qazlal.
Qazlal was noncommittal.
You were not hungry.

You visited 1 branch of the dungeon, and saw 6 of its levels.

You collected 235 gold pieces.

Inventory:

Hand Weapons
 a - a +0 rapier (weapon)
Missiles
 o - 2 boomerangs (quivered)
 p - 3 javelins
Armour
 c - a +0 helmet (worn)
 e - a +0 tower shield
 j - a +0 scale mail
 t - a +0 plate armour (worn)
Jewellery
 d - a ring of protection from cold (left hand)
 w - an amulet of reflection (around neck)
Wands
 r - a wand of polymorph (4)
Scrolls
 u - a scroll of remove curse
Potions
 b - 2 potions of cancellation
Comestibles
 f - 2 rations
 g - 2 chunks of flesh


   Skills:
 * Level 4.5 Fighting
 * Level 5.1 Short Blades
 * Level 3.0 Throwing
 + Level 1.2 Armour
 + Level 4.1 Dodging


You had 6 spell levels left.
You didn't know any spells.
Your spell library contained the following spells:

 Spells                   Type           Power        Failure   Level  Hunger
 Beastly Appendage        Tmut           #.....       100%        1    ##.....
 Magic Dart               Conj           #...         100%        1    ##.....
 Blink                    Tloc           N/A          100%        2    ###....
 Call Imp                 Summ           #.......     100%        2    ###....
 Slow                     Hex            #.......     100%        2    ###....
 Sticks to Snakes         Tmut           #.......     100%        2    ###....
 Conjure Flame            Conj/Fire      #.......     100%        3    ####...
 Mephitic Cloud           Conj/Pois/Air  #.......     100%        3    ####...
 Spider Form              Tmut/Pois      #.........   100%        3    ####...
 Ice Form                 Ice/Tmut       #.......     100%        4    #####..
 Blade Hands              Tmut           #.........   100%        5    ######.


Dungeon Overview and Level Annotations

Branches:
Dungeon (6/15)             Temple (0/1) D:4

Altars:
Makhleb
Qazlal
Zin

Annotations:
D:3 2 transporters


Message History

The acid dragon is heavily wounded.
The acid dragon bites you. The acid dragon claws you.
You hit the acid dragon.
The acid dragon is severely wounded.
The acid dragon bites you. The acid dragon completely misses you.
You barely miss the acid dragon.
The acid dragon is severely wounded.
You hit the acid dragon.
The acid dragon is almost dead.
The acid dragon spits acid at you. The splash of acid hits you!
You are splashed with acid.
* * * LOW HITPOINT WARNING * * *
An orc wizard comes into view. It is wielding a +0 dagger.
The orc wizard shouts!
You feel protected. The acid dragon spits acid at you.
The splash of acid hits you! You resist.
* * * LOW HITPOINT WARNING * * *
You are splashed with acid.
You resist.
You die...

### #.#.# ##.#
..#8#. ##..#
#...... ##...##
....... #.....#
##......# #.....#
#...))..# #.....#
#.......#
##...@###........
#..D###.........
##.o.Do.........
#......####.......
....##### .......
#### .......
#...... ######


You could see an acid dragon (catching breath) and an orc wizard.

Vanquished Creatures
  2 centaurs (D:4)
  A scorpion (D:4)
  A bullfrog zombie (D:5)
  An orc priest (D:2)
  An orc wizard (D:3)
  Ijyb (D:3)
  A worker ant (D:2)
  4 adders
  An ooze (D:2)
  4 leopard geckos
  11 orcs
  A ball python (D:2)
  4 giant cockroaches
  4 goblins
  8 hobgoblins
  3 jackals (D:3)
  2 quokkas (D:3)
  11 bats
  A frilled lizard (D:3)
  7 kobolds
  10 rats
  A plant (D:1)
80 creatures vanquished.

Notes
Turn   | Place    | Note
-------+----------+-------------------------------------------
     0 | D:1      | tkbsonic5 the Human Gladiator began the quest for the Orb.
     0 | D:1      | Reached XP level 1. HP: 16/16 MP: 1/1
   606 | D:1      | Reached XP level 2. HP: 20/22 MP: 2/2
  1388 | D:2      | Reached XP level 3. HP: 28/28 MP: 3/3
  1523 | D:2      | Reached XP level 4. HP: 13/35 MP: 4/4
  2301 | D:2      | Reached skill level 4 in Short Blades
  2301 | D:2      | Reached XP level 5. HP: 32/41 MP: 5/5
  2413 | D:3      | Noticed Ijyb
  2465 | D:3      | Killed Ijyb
  2575 | D:3      | Reached XP level 6. HP: 33/48 MP: 6/6
  2715 | D:3      | Found a transporter.
  2718 | D:3      | Noticed an ogre
  2719 | D:3      | Found a transporter.
  2719 | D:3      | Found a burning altar of Makhleb.
  3122 | D:3      | Found a glowing silver altar of Zin.
  3420 | D:4      | Noticed an ogre
  3427 | D:4      | an ogre changed into a centaur
  3449 | D:4      | Reached skill level 5 in Short Blades
  3449 | D:4      | Reached skill level 1 in Armour
  3449 | D:4      | Reached XP level 7. HP: 24/55 MP: 7/7
  3745 | D:4      | Found a stormy altar of Qazlal.
  3746 | D:4      | Noticed a fire elemental
  3747 | D:4      | Noticed an air elemental
  3747 | D:4      | Noticed a water elemental
  3754 | D:4      | Became a worshipper of Qazlal Stormbringer
  3859 | D:4      | Found a staircase to the Ecumenical Temple.
  3902 | D:4      | You fall into a shaft and drop 1 floor!
  3902 | D:5      | Entered Level 5 of the Dungeon
  4112 | D:6      | Noticed an acid dragon
  4112 | D:6      | an orc warrior changed into an acid dragon
  4121 | D:6      | Splashed by an acid dragon's acid

Illustrated notes

Levels and vault maps discovered:
D:1:      roderic_crop_circles_arrival_large, layout_basic,
          hangedman_glass_teeth, grunt_decor_one_mirror, minivault_23,
          serial_bayou_lagoon_a
D:2:      layout_loops_cross
D:3:      layout_rooms, zin_statuary, gammafunk_temple_overflow_arena, uniq_ijyb
D:4:      layout_layer_cave, nicolae_qazlal_style_of_elements,
          minmay_temple_entry_drinking_statues, serial_shops, shop,
          okawaru_ov_weapons_minmay
D:5:      layout_rooms, first_ration, trog_hazing_becter
D:6:      layout_cave_pods, lemuel_coloured_pillars_altar, kennysheep_mini_moat,
          serial_shops, kennysheep_mini, lemuel_statue_altar

Skill      XL: |  1  2  3  4  5  6  7 |
---------------+----------------------+-----
Fighting       | 3 4 |  4.5
Short Blades   | 4 5 |  5.1
Dodging        | 4 |  4.1
Armour         | 1 |  1.2
Throwing       | 3 |  3.0

Action                   |  1- 3 |  4- 6 |  7- 9 || total
-------------------------+-------+-------+-------++-------
Melee: Rapier            |   128 |   162 |    30 ||   320
Throw: Throwing net      |     3 |       |       ||     3
       Boomerang         |    14 |    46 |    22 ||    82
Evoke: Wand              |       |     1 |     2 ||     3
  Use: Scroll            |     2 |     2 |     5 ||     9
       Potion            |     2 |     4 |     2 ||     8
  Eat: Chunk             |     2 |     6 |     2 ||    10
Armor: Scale mail        |    50 |    75 |       ||   125
       Leather armour    |     7 |       |       ||     7
       Plate armour      |       |    24 |    11 ||    35
       Skin              |       |     1 |     4 ||     5
Dodge: Dodged            |    60 |    86 |     5 ||   151
Block: Tower shield      |     4 |       |       ||     4
       Other             |       |    12 |     9 ||    21
